 Dungeon Crawl Stone Soup version 0.28-a0-1447-ga5a8893 (webtiles) character file.

Game seed: 11530892512065119180

76 Dorkslayer the Skirmisher (level 4, -1/41 HPs)
             Began as a Hill Orc Fighter on Jan 10, 2022.
             Was an Initiate of Ashenzari.
             Slain by a gnoll (6 damage)
             ... on level 2 of the Dungeon.
             The game lasted 00:05:28 (1423 turns).

Dorkslayer the Skirmisher (Hill Orc Fighter)        Turns: 1423, Time: 00:05:29

Health: -1/41      AC:  7    Str: 20    XL:     4   Next: 32%
Magic:  4/4        EV:  8    Int:  8    God:    Ashenzari [......]
Gold:   880        SH:  8    Dex: 10    Spells: 3/3 levels left

rFire   . . .      SeeInvis .   a - +0 war axe
rCold   . . .      Faith    .   l - +0 kite shield "Manifest Secrets" {Range, Cun} (curse)
rNeg    . . .      Spirit   .   b - +0 scale mail
rPois   .          Reflect  .   (no helmet)
rElec   .          Harm     .   (no cloak)
rCorr   .          Rampage  .   (no gloves)
Will    .....                   (no boots)
Stlth   ..........              (no amulet)
HPRegen 0.13/turn               (no ring)
MPRegen 0.09/turn               (no ring)

@: no status effects
A: no striking features
a: Renounce Religion, Shatter the Chains


You were on level 2 of the Dungeon.
You worshipped Ashenzari.
Ashenzari was noncommittal.
You visited 1 branch of the dungeon, and saw 2 of its levels.

You collected 880 gold pieces.

Inventory:

Hand Weapons
 a - a +0 war axe (weapon)
Missiles
 i - 19 poisoned darts (quivered)
Armour
 b - a +0 scale mail (worn)
 l - the cursed +0 kite shield "Manifest Secrets" (worn) {Range, Cun}
   (You found it on level 2 of the Dungeon)

   It has a curse which improves the following skills: Ranged Combat: Slings,
   Bows, Crossbows and Throwing.
   Cunning:   Dodging and Stealth.
Jewellery
 g - a ring of ice
Wands
 k - a wand of acid (8)
 m - a wand of paralysis (15)
Scrolls
 e - a scroll of teleportation
Potions
 c - a potion of lignification
 d - a potion of might
 f - a potion of resistance {unknown}
 h - a potion of haste
 j - a potion of experience {unknown}


   Skills:
 + Level 4.4 Fighting
 + Level 4.1 Axes
 + Level 3.8 Armour
 + Level 3.7 Shields


You had 3 spell levels left.
You didn't know any spells.
Your spell library was empty.

Dungeon Overview and Level Annotations

Branches:
Dungeon (2/15)

Altars:
Ashenzari


Message History

A gnoll comes into view. It is wielding a +0 flail.
The gnoll shouts!
You hear a shout!
A gnoll comes into view. It is wielding a +0 mace.
You block the gnoll's attack.
You barely miss the gnoll. You block the gnoll's attack.
The gnoll hits you but does no damage.
You hit the gnoll.
The gnoll is heavily wounded.
The gnoll barely misses you.
You barely miss the gnoll.
The gnoll is heavily wounded.
You block the gnoll's attack. The gnoll hits you but does no damage.
You closely miss the gnoll.
The gnoll is moderately wounded.
The gnoll hits you with a +0 flail.
You slash the gnoll!
You kill the gnoll!
You have reached level 4!
You barely miss the gnoll. The gnoll hits you with a +0 mace.
You block the gnoll's attack.
You barely miss the gnoll. The gnoll hits you with a +0 mace.
You barely miss the gnoll. You block the gnoll's attack. x2
You slash the gnoll!
The gnoll is severely wounded.
The gnoll hits you with a +0 mace.
You barely miss the gnoll.
The gnoll is severely wounded.
The gnoll hits you with a +0 mace. The gnoll hits you with a +0 mace!
* * * LOW HITPOINT WARNING * * *
You hit the gnoll.
You kill the gnoll!
Your Axes skill increases to level 4!
You hit the gnoll.
The gnoll is moderately wounded.
You block the gnoll's attack. The gnoll hits you with a +0 flail.
* * * LOW HITPOINT WARNING * * *
You barely miss the gnoll.
The gnoll is moderately wounded.
The gnoll hits you with a +0 flail.
You die...

#.......##################.#
##########....................(.
#..........###################..
#.#######..### ##. #.# #.....#
#. #.# #.###.#### ## #.#
#........# # #.# ####.###.# #
#.##### #...#@# # #.....#
###.#g# # #####.# #..[#.# # #.#
#.###.# # #.# #.....# # #.#
#.g####### # #.# #........# #.#
#g######.# #.#####.#


You could see a gnoll.

Vanquished Creatures
  2 gnolls (D:2)
  An adder (D:2)
  2 dart slugs (D:1)
  8 endoplasms
  4 giant cockroaches
  3 goblins
  A hobgoblin (D:1)
  4 jackals (D:1)
  2 kobolds (D:1)
  A quokka (D:2)
  4 ball pythons
  A bat (D:1)
  3 frilled lizards
  4 rats (D:1)
40 creatures vanquished.

Notes
Turn   | Place    | Note
-------+----------+-------------------------------------------
     0 | D:1      | Dorkslayer the Hill Orc Fighter began the quest for the
                  | Orb.
     0 | D:1      | Reached XP level 1. HP: 19/19 MP: 1/1
    71 | D:1      | Reached XP level 2. HP: 24/27 MP: 2/2
   147 | D:1      | Found a faded altar of an unknown god.
   172 | D:1      | Prayed at the altar of an unknown god.
   172 | D:1      | Became a worshipper of Ashenzari the Shackled
   315 | D:1      | Reached XP level 3. HP: 30/33 MP: 3/3
   877 | D:2      | Identified a scroll of acquirement
   877 | D:2      | Acquired 794 gold pieces
  1416 | D:2      | Reached XP level 4. HP: 35/41 MP: 4/4
  1423 | D:2      | Slain by a gnoll

Illustrated notes

Levels and vault maps discovered:
D:1:      evilmike_arrival_home_sweet_home, layout_loops_ring,
          hellmonk_ecumenical_altar_pennies_from_heaven, lemuel_old_faithful
D:2:      layout_basic

Skill      XL: |  1  2  3  4 |
---------------+-------------+-----
Axes           | 3 4 |  4.1
Fighting       | 4 |  4.4
Armour         | |  3.8
Shields        | |  3.7

Action                   |  1- 3 |  4- 6 || total
-------------------------+-------+-------++-------
Melee: War axe           |    94 |     8 ||   102
Invok: Curse Item        |     1 |       ||     1
  Use: Scroll            |     4 |       ||     4
Armor: Scale mail        |    34 |       ||    34
Dodge: Dodged            |    38 |       ||    38
Block: Buckler           |     6 |       ||     6
       Kite shield       |    10 |     4 ||    14

Table legend: (Time is in decaauts)
 A = Elapsed time spent in this place.
 B = Non-inter-level travel time spent in this place.
 C = Inter-level travel time spent in this place.
 D = Time resting spent in this place.
 E = Time spent auto-exploring this place.
 F = Levels seen in this place.
 G = Mean time per level.
                   A        B        C        D        E       F      G
               +--------+--------+--------+--------+--------+-----+--------+
         Total |   1467 |   1467 |      0 |      0 |    748 |   2 |  733.5 |
       Dungeon |   1467 |   1467 |      0 |      0 |    748 |   2 |  733.5 |
               +--------+--------+--------+--------+--------+-----+--------+

Top non-repeatable levels by time:
     D:1: 824 daAuts
     D:2: 643 daAuts
